Map: Taito Citadel LE

Players

Bobmc - Winner!

  • Race: Terran Terran
  • League: Diamond
  • Spawn Location: 5:00

HoldTheDoor

  • Race: Protoss Protoss
  • League: Diamond
  • Spawn Location: 11:00

VOD

Have the link to the VOD?

Description

Time

  • Played on: May 14, 2026, 12:53 p.m.
  • Length: 18:17
Show
View Real Time Build Order
Export as new Build Order

Bobmc Terran - Winner!

Build Orders:  

Get SALT Encoding   

  12  0:00  SCV  
  13  0:12  SCV  
  14  0:17  Supply Depot  
  14  0:24  SCV  
  15  0:39  SCV, Barracks  
  16  0:44  Refinery  
  16  0:51  SCV  
  16  0:55  Refinery  
  17  1:03  SCV  
  18  1:15  SCV  
  19  1:27  Orbital Command  
  19  1:31  Reaper  
  20  1:33  Supply Depot  
  20  1:42  Engineering Bay  
  20  1:54  SCV  
  21  2:03  Factory  
  21  2:08  SCV  
  22  2:16  Barracks Reactor  
  22  2:20  SCV  
  23  2:32  SCV  
  24  2:41  Command Center  
  24  2:45  SCV  
  27  2:51  Hellion  
  27  2:53  Reaper x2  
  27  2:57  SCV  
  30  2:59  Supply Depot  
  30  3:10  SCV  
  31  3:24  Factory Tech Lab  
  31  3:30  Bunker  
  31  3:34  Marine x2  
  31  3:36  SCV  
  34  3:44  Barracks  
  34  3:45  Barracks  
  34  3:50  Cyclone  
  34  3:53  Marine  
  38  3:57  SCV  
  39  4:09  SCV  
  40  4:14  Starport  
  40  4:20  Orbital Command  
  40  4:21  SCV  
  41  4:33  Siege Tank, SCV, Barracks Tech Lab  
  41  4:34  Barracks Tech Lab  
  45  4:40  Marine x2  
  48  4:45  SCV  
  48  4:48  Supply Depot  
  48  4:49  SCV  
  49  4:57  SCV, Supply Depot  
  50  5:01  Marine, SCV  
  50  5:02  Starport Reactor  
  50  5:03  Marine x2  
  50  5:05  Stimpack  
  54  5:10  SCV  
  54  5:13  Siege Tank  
  54  5:14  SCV  
  59  5:17  Refinery  
  59  5:21  Refinery  
  59  5:22  Marine x2, SCV  
  59  5:25  Combat Shield  
  59  5:26  SCV  
  63  5:30  Marauder  
  63  5:32  Marauder  
  67  5:36  Supply Depot  
  67  5:37  SCV  
  67  5:41  Supply Depot  
  69  5:42  SCV  
  70  5:50  SCV  
  70  5:57  Marine, Medivac x2, Supply Depot  
  70  5:58  Marauder  
  70  5:59  SCV  
  70  6:03  SCV  
  79  6:07  Siege Tank  
  82  6:12  SCV  
  82  6:15  Engineering Bay  
  82  6:17  SCV  
  82  6:18  Engineering Bay  
  84  6:41  Siege Tank  
  87  6:48  Terran Infantry Weapons Level 1  
  87  6:49  Supply Depot  
  87  6:50  Terran Infantry Armor Level 1  
  87  6:51  Supply Depot  
  87  6:54  Command Center  
  86  7:05  Barracks  
  86  7:07  Barracks  
  86  7:09  Barracks  
  86  7:10  SCV  
  86  7:11  Marine  
  88  7:20  Siege Tank  
  88  7:21  Marine x2  
  93  7:24  Concussive Shells  
  93  7:27  Medivac  
  95  7:30  SCV  
  95  7:35  Armory  
  96  7:37  SCV  
  96  7:42  Bunker  
  97  7:48  SCV  
  97  7:49  Marine  
  97  7:50  Marauder x2  
  102  7:52  Barracks Tech Lab  
  99  8:03  SCV  
  93  8:10  SCV  
  92  8:12  SCV  
  92  8:13  Barracks Tech Lab  
  92  8:14  Marauder  
  92  8:15  Marauder  
  92  8:16  Viking x2  
  97  8:20  Factory  
  97  8:23  SCV  
  98  8:28  Marauder, Barracks Tech Lab  
  98  8:29  Starport  
  98  8:30  Widow Mine  
  98  8:31  Drilling Claws  
  102  8:35  SCV, Supply Depot  
  102  8:36  Marauder  
  102  8:38  SCV  
  106  8:51  Marauder  
  110  8:55  Medivac  
  110  8:56  Siege Tank  
  112  9:03  Command Center  
  96  9:11  SCV  
  96  9:13  Marine  
  96  9:14  Marauder x2  
  96  9:15  Factory Reactor  
  100  9:19  SCV  
  100  9:23  Missile Turret, SCV  
  102  9:24  Terran Infantry Weapons Level 2  
  102  9:29  Widow Mine  
  104  9:34  SCV  
  104  9:35  SCV  
  106  9:46  SCV  
  106  9:48  SCV  
  106  9:50  Siege Tank  
  106  9:52  Bunker  
  111  9:55  Medivac  
  111  9:57  Marauder  
  111  9:58  Marauder x2  
  111  9:59  SCV  
  120  10:00  SCV  
  120  10:02  Orbital Command  
  121  10:11  SCV  
  121  10:12  SCV  
  121  10:13  Terran Infantry Armor Level 2  
  123  10:20  SCV  
  124  10:23  SCV  
  124  10:24  SCV  
  126  10:30  Barracks  
  126  10:32  Marauder x2  
  126  10:33  Barracks, Starport Reactor  
  126  10:34  Supply Depot  
  126  10:35  Widow Mine, SCV  
  133  10:38  Widow Mine  
  133  10:39  Widow Mine  
  137  10:43  Refinery  
  137  10:45  SCV x2  
  137  10:46  Planetary Fortress  
  139  10:50  Terran Ship Weapons Level 1  
  139  10:55  Marine x2  
  141  10:58  Supply Depot  
  141  11:00  SCV  
  141  11:01  Supply Depot  
  142  11:06  Marauder x2  
  142  11:07  Siege Tank  
  142  11:10  Supply Depot  
  149  11:12  Widow Mine  
  149  11:14  SCV  
  149  11:18  Supply Depot, SCV  
  153  11:19  Medivac  
  153  11:23  Marauder  
  157  11:26  Barracks Tech Lab  
  157  11:27  Barracks Reactor  
  157  11:30  SCV  
  158  11:34  SCV  
  158  11:35  SCV  
  158  11:38  SCV  
  161  11:42  SCV  
  161  11:47  Marine x2, Marauder x2  
  166  11:50  Marine  
  166  11:51  Marine, Marauder x2  
  157  12:01  Viking  
  157  12:04  Marine  
  157  12:05  Marine  
  155  12:08  Marine, Marauder x2  
  155  12:09  Marauder  
  155  12:12  Viking, Marauder  
  154  12:16  Viking  
  155  12:23  SCV, Starport, Armory  
  155  12:25  Marine x2, Starport  
  155  12:26  Marauder  
  155  12:28  Marine x3  
  162  12:31  Viking  
  162  12:32  Marine  
  162  12:33  Marine x2  
  167  12:37  Missile Turret  
  165  12:45  Viking  
  165  12:46  Viking  
  165  12:47  Widow Mine x2  
  165  12:49  Marine x2  
  165  12:50  Marauder x2  
  179  12:56  SCV x2  
  179  12:57  SCV x2  
  183  12:58  Marine  
  183  13:01  Marauder  
  186  13:13  Marine x2  
  188  13:21  Command Center  
  188  13:36  Terran Infantry Weapons Level 3, Terran Infantry Armor Level 3  
  188  13:40  Supply Depot  
  188  13:41  Terran Vehicle And Ship Armor Level 1  
  188  13:42  Supply Depot  
  188  13:53  Marine x2  
  188  14:01  Marine x3  
  188  14:02  SCV, Marauder x2  
  196  14:03  SCV x2, Marauder  
  196  14:04  Marine  
  196  14:05  SCV  
  200  14:20  Marauder  
  197  14:31  SCV  
  197  14:37  Marine x3  
  196  14:42  Marauder, Marine x2  
  196  14:43  Marauder x2, SCV  
  188  14:45  Marine  
  188  14:46  Marine  
  188  14:52  SCV  
  173  14:58  SCV  
  161  15:00  Marine  
  161  15:01  Marine x2, Marauder  
  161  15:03  Marauder  
  161  15:04  Marauder  
  161  15:05  Marine x2  
  161  15:06  Marauder x2, SCV  
  173  15:09  Viking x4  
  173  15:12  SCV x2  
  173  15:14  SCV  
  173  15:21  Marine  
  158  15:22  Marauder  
  158  15:24  Marine x3, Marauder  
  158  15:25  Marauder x2, Widow Mine  
  158  15:26  Widow Mine x2  
  158  15:27  SCV x2  
  173  15:39  Marine, Marauder  
  173  15:40  Marauder, SCV  
  173  15:42  Marine  
  170  15:46  Marine  
  170  15:47  Marauder x2, Viking x3  
  173  15:52  Refinery  
  173  15:54  Terran Ship Weapons Level 2  
  173  15:57  Medivac  
  173  16:12  Marine x3  
  173  16:17  SCV, Medivac x3  
  183  16:18  Marine x2, Marauder  
  183  16:19  Marauder  
  189  16:29  Viking  
  189  16:31  Starport Reactor x2  
  181  16:34  Refinery  
  181  16:35  Refinery  
  181  16:39  Marine x2  
  183  16:40  Marauder x2  
  183  16:45  Command Center  
  187  16:47  Viking x3  
  190  16:56  Marine x2  
  190  16:58  Command Center, Barracks  
  190  16:59  Barracks  
  171  17:02  Marine x2  
  171  17:03  Marauder x2, SCV  
  177  17:09  Refinery  
  177  17:10  Refinery  
  177  17:14  Command Center, SCV  
  178  17:18  Missile Turret  
  178  17:19  Command Center, Missile Turret  
  170  17:33  Marine x2  
  170  17:34  Marauder x2, Missile Turret, SCV  
  172  17:39  Missile Turret  
  172  17:40  Missile Turret, Marine, Marauder  
  172  17:41  Marauder, SCV  
  175  17:45  Marine  
  175  17:46  Marauder x2  
  175  17:47  SCV  
  175  17:51  SCV, Missile Turret, Marine x2  
  160  17:54  Marine  
  160  17:55  Marauder  
  160  17:57  Missile Turret  
  160  17:58  Missile Turret, SCV, Marine  
  146  18:03  Missile Turret  
Show
View Real Time Build Order
Export as new Build Order

HoldTheDoor Protoss 

Build Orders:  

Get SALT Encoding   

  12  0:00  Probe  
  13  0:12  Probe  
  14  0:17  Pylon  
  14  0:24  Probe  
  15  0:32  Probe  
  15  0:38  Gateway  
  15  0:40  Probe  
  16  0:49  Assimilator  
  17  0:51  Probe  
  18  1:03  Probe  
  19  1:12  Gateway  
  19  1:15  Probe  
  20  1:19  Assimilator  
  20  1:26  Cybernetics Core  
  20  1:28  Probe  
  21  1:40  Probe  
  22  1:58  Pylon  
  22  2:03  Warp Gate  
  22  2:04  Stalker  
  22  2:08  Pylon  
  22  2:11  Shield Battery  
  22  2:13  Stalker  
  22  2:20  Probe  
  27  2:32  Sentry  
  27  2:33  Probe  
  30  2:43  Stalker  
  30  2:45  Probe  
  33  3:05  Probe  
  34  3:12  Stargate  
  34  3:17  Probe  
  35  3:29  Nexus, Probe  
  35  3:30  Shield Battery  
  36  3:41  Probe  
  36  3:45  Pylon  
  37  3:53  Probe  
  38  4:01  Pylon  
  38  4:03  Adept x2  
  38  4:05  Probe  
  38  4:07  Phoenix  
  45  4:17  Probe  
  46  4:29  Gateway, Probe  
  46  4:30  Gateway  
  47  4:35  Phoenix  
  49  4:42  Probe  
  50  4:49  Probe  
  51  4:54  Probe, Zealot  
  51  4:57  Zealot  
  56  5:01  Probe  
  56  5:06  Probe  
  58  5:07  Robotics Facility  
  58  5:09  Phoenix  
  58  5:13  Probe  
  61  5:17  Assimilator  
  61  5:18  Probe  
  62  5:25  Pylon, Probe  
  63  5:37  Probe  
  63  5:38  Phoenix  
  63  5:39  Probe  
  63  5:42  Zealot  
  69  5:48  Twilight Council  
  69  5:49  Probe  
  70  5:54  Gateway  
  70  5:56  Probe  
  71  5:58  Observer  
  72  6:04  Pylon  
  72  6:05  Forge x2  
  72  6:06  Probe  
  73  6:24  Charge  
  73  6:27  Protoss Ground Weapons Level 1, Immortal, Protoss Ground Armor Level 1  
  73  6:28  Probe  
  78  6:49  Probe  
  78  6:52  Photon Cannon  
  78  6:53  Pylon  
  79  6:56  Photon Cannon x2  
  79  6:59  Photon Cannon  
  79  7:00  Pylon  
  79  7:01  Pylon  
  79  7:02  Pylon  
  79  7:07  Zealot x3  
  85  7:17  Pylon  
  85  7:19  Probe x2  
  85  7:20  Pylon  
  87  7:25  Pylon  
  87  7:31  Probe x2  
  89  7:43  Probe x2  
  91  7:47  Zealot x5  
  96  8:18  Phoenix  
  98  8:21  Stalker  
  98  8:22  Stalker x4  
  108  8:27  Gateway  
  108  8:28  Gateway  
  108  8:32  Gateway  
  108  8:33  Gateway  
  108  8:36  Gateway  
  108  8:38  Protoss Ground Armor Level 2, Assimilator, Probe  
  108  8:40  Photon Cannon  
  109  8:48  Protoss Ground Weapons Level 2  
  99  9:20  Nexus  
  99  9:21  Pylon  
  99  9:23  Pylon  
  99  9:25  Pylon  
  99  9:28  Fleet Beacon  
  99  9:31  Stargate  
  99  9:34  Probe x2  
  101  9:46  Probe  
  101  9:48  Pylon  
  102  9:55  Assimilator  
  102  9:59  Assimilator  
  102  10:00  Photon Cannon  
  102  10:03  Photon Cannon  
  102  10:04  Photon Cannon  
  102  10:06  Shield Battery  
  102  10:08  Shield Battery  
  102  10:10  Pylon  
  102  10:12  Probe x2  
  104  10:24  Probe  
  104  10:25  Carrier  
  111  10:30  Observer  
  112  10:37  Carrier  
  118  10:42  Templar Archives  
  118  10:45  Probe  
  118  10:49  Probe  
  120  10:55  Photon Cannon  
  120  10:57  Pylon  
  120  10:58  Probe x2  
  120  11:02  Protoss Ground Armor Level 3  
  120  11:03  Zealot  
  120  11:04  Zealot x2  
  128  11:05  Sentry x2  
  128  11:07  Probe  
  133  11:17  Protoss Ground Weapons Level 3  
  133  11:22  Psionic Storm  
  133  11:29  High Templar x3  
  139  11:33  Probe x3  
  122  12:01  Zealot x9  
  130  12:13  Carrier  
  134  12:19  Stalker  
  134  12:22  High Templar x3  
  142  12:26  Archon  
  142  12:28  Zealot x4  
  142  12:29  Zealot  
  142  12:47  Carrier  
  148  12:51  High Templar  
  148  12:53  Zealot x5  
  160  13:07  Pylon  
  160  13:13  Pylon  
  160  13:14  Pylon  
  160  13:16  Photon Cannon  
  160  13:19  Pylon  
  160  13:20  Pylon  
  160  13:26  Pylon  
  160  13:27  Nexus  
  160  13:31  Pylon  
  160  13:34  Zealot x2  
  164  13:52  Observer  
  163  14:00  Zealot x2  
  163  14:01  Zealot x4  
  175  14:06  Photon Cannon  
  173  14:10  Observer  
  174  14:23  Zealot x5  
  184  14:28  Immortal  
  184  14:35  Stalker x2  
  184  14:36  Stalker  
  153  14:52  Stalker x3  
  141  14:59  Zealot  
  123  15:07  Observer  
  116  15:24  Zealot x6  
  116  15:25  Zealot  
  130  15:38  Carrier  
  136  15:45  High Templar x6  
  136  15:46  High Templar  
  136  15:49  Archon x2  
  150  15:50  Archon  
  151  16:04  Probe x3  
  151  16:08  Pylon  
  151  16:10  Pylon, Photon Cannon  
  153  16:30  Probe  
  154  16:36  Pylon  
  154  16:37  Pylon  
  154  16:40  Pylon  
  154  16:43  Photon Cannon  
  154  16:45  Pylon, Probe  
  154  16:47  Photon Cannon  
  155  16:49  Photon Cannon  
  155  16:50  Photon Cannon  
  155  17:08  High Templar x7  
  159  17:09  High Templar  
  159  17:12  Archon x3  
  159  17:13  Archon  
  144  17:45  Stalker x2  
  144  17:46  Stalker x6  
Tags
 
Add a new tag
Caveats
  • Supply blocks, unpowered buildings, or Contaminate may cause inaccurate times.
  • Supply counts are checked every 10 seconds.